 Dungeon Crawl Stone Soup version 0.26-b1-32-g5d43845318 (webtiles) character file.

Game seed: 8538911988852316911

7809 Borgoz the Basher (level 11, -12/68 HPs)
             Began as a Gargoyle Gladiator on Jan 10, 2021.
             Mangled by a polar bear (13 damage)
             ... on level 9 of the Dungeon.
             The game lasted 00:12:01 (9654 turns).

Borgoz the Basher (Gargoyle Gladiator)              Turns: 9654, Time: 00:12:02

Health: -12/68     AC: 17    Str: 19    XL:     11   Next: 21%
Magic:  0/11       EV: 17    Int:  8    God:
Gold:   792        SH:  0    Dex: 14    Spells: 10/10 levels left

rFire    . . .     SeeInvis .   a - +0 flail
rCold    . . .     Faith    .   (no shield)
rNeg     + . .     Spirit   +   k - +0 leather armour (curse)
rPois    ∞         Reflect  .   c - +1 helmet
rElec    +         Harm     .   (no cloak)
rCorr    .         Rampage  .   o - +0 pair of gloves
Will     .....                  B - +0 pair of boots
Stlth    +.........             w - amulet of guardian spirit
HPRegen  0.21/turn              (no ring)
MPRegen  0.12/turn              (no ring)

@: no status effects
A: negative energy resistance 1, electricity resistance, unbreathing,
petrification resistance, miasma immunity, AC +8
a: no special abilities


You were on level 9 of the Dungeon.
You visited 2 branches of the dungeon, and saw 11 of its levels.
You also visited: Ossuary.

You collected 960 gold pieces.
You spent 168 gold pieces at shops.

Inventory:

Hand Weapons
 a - a +0 flail (weapon)
 I - a +0 whip of electrocution
Armour
 c - a +1 helmet (worn)
 k - a cursed +0 leather armour (worn)
 o - a +0 pair of gloves (worn)
 B - a +0 pair of boots (worn)
Jewellery
 h - an uncursed ring of flight
 w - an amulet of guardian spirit (around neck)
 A - an uncursed amulet of regeneration
 L - a cursed ring of attention {unknown}
Wands
 p - a wand of acid (6)
 u - a wand of enslavement (6)
 J - a wand of flame (18)
 K - a wand of disintegration (8)
Scrolls
 e - 8 scrolls of teleportation
 g - 5 scrolls of magic mapping
 i - 2 scrolls of enchant weapon {unknown}
 l - a scroll of blinking {unknown}
 m - 3 scrolls of remove curse {unknown}
 q - 2 scrolls of fear {unknown}
 r - 4 scrolls of amnesia {unknown}
 t - 2 scrolls of immolation {unknown}
 x - 2 scrolls of random uselessness {unknown}
 y - a scroll of fog {unknown}
 C - 2 scrolls of noise {unknown}
 D - a scroll of enchant armour
 F - 2 scrolls of identify
Potions
 b - 4 potions of brilliance
 d - 2 potions of flight {unknown}
 j - 7 potions of curing
 n - 3 potions of mutation
 s - 3 potions of magic
 v - 4 potions of might
 z - a potion of resistance
 E - 2 potions of cancellation
 G - a potion of haste
 H - 3 potions of invisibility {unknown}


   Skills:
 + Level 8.0 Fighting
 * Level 10.3 Maces & Flails
 - Level 1.7 Throwing
 + Level 7.4 Armour
 * Level 8.7 Dodging


You had 10 spell levels left.
You didn't know any spells.
Your spell library was empty.

Dungeon Overview and Level Annotations

Branches:
Dungeon (10/15)            Temple (1/1) D:6             Orc (0/2) D:9
Ossuary (visited)
   Lair: D:8-11

Altars:
Ashenzari
Cheibriados
Dithmenos
Elyvilon
Fedhas
Gozag
Hepliaklqana
Kikubaaqudgha
Makhleb
Nemelex Xobeh
Okawaru
Qazlal
Ru
Sif Muna
Trog
Uskayaw
Vehumet
Wu Jian
Xom
Yredelemnul
Zin
The Shining One

Shops:
D:7 *

Annotations:
D:10 2 transporters, braks's ghost, novice OgHu


Innate Abilities, Weirdness & Mutations

You are resistant to torment.
Your stone body is resilient. (AC +8)
You are immune to poison.
You resist negative energy. (rN+)
You are resistant to electric shocks. (rElec)
You can survive without breathing.
You are immune to petrification.
You are immune to miasma.


Message History

The polar bear closely misses you.
You closely miss the polar bear.
The polar bear is severely wounded.
The polar bear bites you!
* * * LOW HITPOINT WARNING * * *
The polar bear completely misses you. The polar bear claws you.
* * * LOW HITPOINT WARNING * * *
Okay, then.
You sock the polar bear!
The polar bear is almost dead.
The polar bear closely misses you. The polar bear claws you.
* * * LOW HITPOINT WARNING * * *
The polar bear claws you.
* * * LOW HITPOINT WARNING * * *
You feel better. The polar bear bites you!
* * * LOW HITPOINT WARNING * * *
The polar bear closely misses you. The polar bear claws you.
* * * LOW HITPOINT WARNING * * *
The polar bear bites you!
You die...

### ##.######## ##...##....#
######.....#.##.#
#####.....#...##....#####
#...#.###.##.###........#
#....<# #...........###.#
#...#.###.##@###....# #.#
#####.##.....##h######## #.#
#.........####.Y.## #.#
#.###.###.###..>..## ##.#
#.###.###.##.......## ##..#
#.##...##.#.........####...#####
#.#..)....'.........'.........#.
#.#....##.#.........###########.
#.........##.......## ##...###.


You could see a polar bear (berserk) and an ice beast.

Vanquished Creatures
  Harold (D:8)
  2 hornets
  A troll (D:9)
  Grinder (D:5)
  A centaur simulacrum (D:10)
  2 wraiths
  A wyvern (D:9)
  Sigmund (D:5)
  2 water moccasins
  3 orc warriors (D:9)
  6 sky beasts
  A black bear (D:7)
  An eye of draining (D:10)
  11 ogres
  A phantom (D:9)
  6 centaurs
  2 wolves (D:10)
  A big kobold (D:10)
  Blork the orc (D:4)
  3 bullfrogs
  3 water moccasin zombies (Ossuary)
  A scorpion (D:9)
  6 killer bees (D:8)
  4 wights (D:9)
  5 howler monkeys
  11 hounds
  2 quasits
  A jelly (D:8)
  2 gnoll shamans
  An orc priest (D:9)
  3 bullfrog skeletons
  A centaur skeleton (D:9)
  6 orc wizards
  4 iguanas
  Ijyb (D:3)
  4 worker ants
  3 big kobold zombies (Ossuary)
  A hound skeleton (D:4)
  2 mummies (Ossuary)
  2 worker ant zombies
  Robin (D:4)
  10 adders
  5 gnolls (D:10)
  3 white imps
  An ufetubus (D:5)
  An ooze (D:4)
  2 adder skeletons
  5 adder zombies
  3 worms
  A dart slug (D:1)
  6 leopard geckos
  18 orcs
  4 giant cockroaches
  7 hobgoblins
  15 jackals
  4 ball pythons
  9 bats
  5 frilled lizards
  A gnoll zombie (Ossuary)
  17 goblins
  2 hobgoblin zombies (Ossuary)
  10 kobolds
  3 kobold zombies (Ossuary)
  6 orc zombies (Ossuary)
  A quokka zombie (D:9)
  3 rats
254 creatures vanquished.

Vanquished Creatures (collateral kills)
  An eye of draining (D:8)
  A howler monkey (D:8)
  An adder zombie (D:8)
3 creatures vanquished.

Grand Total: 257 creatures vanquished

Notes
Turn   | Place    | Note
-------+----------+-------------------------------------------
     0 | D:1      | Borgoz the Gargoyle Gladiator began the quest for the Orb.
     0 | D:1      | Reached XP level 1. HP: 12/12 MP: 1/1
   172 | D:1      | Reached XP level 2. HP: 18/18 MP: 2/2
   651 | D:2      | Reached XP level 3. HP: 22/22 MP: 3/3
   659 | D:2      | Reached skill level 1 in Armour
   875 | D:2      | Reached XP level 4. HP: 27/27 MP: 4/4
  1107 | D:2      | Found a hazy altar of Hepliaklqana.
  1182 | D:3      | Found a broken altar of Ashenzari.
  1223 | D:3      | Reached skill level 4 in Maces & Flails
  1229 | D:3      | Reached XP level 5. HP: 18/32 MP: 5/5
  1410 | D:3      | Noticed Ijyb
  1435 | D:3      | Killed Ijyb
  2099 | D:3      | Found a glowing silver altar of Zin.
  2546 | D:4      | Noticed Blork the orc
  2561 | D:4      | Killed Blork the orc
  2562 | D:4      | Reached XP level 6. HP: 8/37 MP: 6/6
  2953 | D:4      | Found an ornate altar of the Wu Jian Council.
  3043 | D:4      | Reached skill level 5 in Maces & Flails
  3043 | D:4      | Reached XP level 7. HP: 40/42 MP: 7/7
  3304 | D:4      | Found a snail-covered altar of Cheibriados.
  3471 | D:4      | Noticed Robin
  3511 | D:4      | Killed Robin
  3678 | D:5      | Entered Level 5 of the Dungeon
  3842 | D:5      | Noticed Sigmund
  3860 | D:5      | Killed Sigmund
  4103 | D:5      | Noticed Grinder
  4106 | D:5      | Paralysed by Grinder for 6 turns
  4138 | D:5      | Killed Grinder
  4139 | D:5      | Reached skill level 6 in Maces & Flails
  4139 | D:5      | Reached skill level 5 in Dodging
  4139 | D:5      | Reached XP level 8. HP: 36/48 MP: 5/8
  4297 | D:6      | Found a staircase to the Ecumenical Temple.
  4303 | Temple   | Entered the Ecumenical Temple
  4729 | D:6      | Reached skill level 5 in Fighting
  4826 | D:6      | Found an ancient bone altar of Kikubaaqudgha.
  4826 | D:6      | Found a blossoming altar of Fedhas.
  5006 | D:6      | Found a sacrificial altar of Ru.
  5323 | D:6      | Reached skill level 7 in Maces & Flails
  5458 | D:7      | Reached XP level 9. HP: 54/54 MP: 9/9
  5561 | D:7      | Found a stormy altar of Qazlal.
  5728 | D:7      | Reached skill level 5 in Armour
  5762 | D:7      | Found Xaodanl Jits's Assorted Antiques.
  5765 | D:7      | Bought a dark potion for 26 gold pieces
  5765 | D:7      | Bought a scroll labelled UTEKUL RAIDD for 29 gold pieces
  5765 | D:7      | Bought a scroll labelled RUTIGOLAMP for 29 gold pieces
  5765 | D:7      | Bought a scroll labelled UTEKUL RAIDD for 29 gold pieces
  5765 | D:7      | Bought a red potion for 26 gold pieces
  5765 | D:7      | Bought a scroll labelled OSA HIVUNK for 29 gold pieces
  6043 | D:8      | Found a sand-covered staircase.
  6062 | Ossuary  | Entered an ossuary
  6141 | Ossuary  | Reached skill level 8 in Maces & Flails
  6666 | D:8      | Noticed a hornet
  6691 | D:8      | Killed a hornet
  6692 | D:8      | Reached XP level 10. HP: 42/61 MP: 7/10
  6835 | D:8      | Noticed Harold
  6841 | D:8      | Paralysed by Harold for 7 turns
  6854 | D:8      | Paralysed by Harold for 3 turns
  6870 | D:8      | Paralysed by Harold for 7 turns
  6885 | D:8      | Paralysed by Harold for 2 turns
  6899 | D:8      | Killed Harold
  6900 | D:8      | Reached skill level 9 in Maces & Flails
  8067 | D:9      | Found a staircase to the Orcish Mines.
  8853 | D:9      | Reached XP level 11. HP: 58/68 MP: 9/11
  8854 | D:9      | Reached skill level 10 in Maces & Flails
  9260 | D:10     | Entered Level 10 of the Dungeon
  9260 | D:10     | Found a transporter.
  9263 | D:10     | Noticed braks's ghost (novice OgHu)
  9268 | D:10     | Noticed an ettin
  9268 | D:10     | Noticed a manticore
  9269 | D:10     | Noticed a two-headed ogre
  9290 | D:10     | Found a transporter.
  9654 | D:9      | HP: 1/68 [polar bear (3)]
  9654 | D:9      | Mangled by a polar bear

Illustrated notes

Levels and vault maps discovered:
D:1:      saegor_arrival_simple_e, layout_basic
D:2:      layout_rooms, nzn_hepliaklqana_mist_gate
D:3:      layout_basic, lemuel_coloured_pillars_altar, evilmike_ruin_ashenzari,
          uniq_ijyb
D:4:      layout_rooms, nzn_wu_jian_contemplation, marbit_many_paths,
          uniq_robin, uniq_blork_the_orc
D:5:      layout_rooms, uniq_sigmund, uniq_grinder
D:6:      layout_cave_pools, grunt_temple_overflow_growth_and_decay,
          nicolae_ru_awakened_eye, temple_statues, minmay_misc_feat_rugged
D:7:      layout_gridville, kennysheep_little_box, serial_shops, kennysheep_mini
D:8:      layout_basic, enter_ossuary_1, uniq_harold
D:9:      minmay_polygon_palace, layout_loops_corners, david_orc_2
D:10:     layout_big_octagon, gammafunk_ghost_arena, serial_ice, serial_ice_m,
          serial_ice_h, serial_ice_o, serial_ice_n, lemuel_flame_loot_1
Temple:   nicolae_temple_figure_eight

Skill      XL: |  1  2  3  4  5  6  7  8  9 10 11 |
---------------+----------------------------------+-----
Armour         | 1 2 3 4 5 7 |  7.4
Dodging        | 3 4 5 7 8 |  8.7
Fighting       | 3 4 5 6 7 8 |  8.0
Maces & Flails | 4 5 6 7 8 9 10 | 10.3
Throwing       | |  1.7

Action                   |  1- 3 |  4- 6 |  7- 9 | 10-12 || total
-------------------------+-------+-------+-------+-------++-------
Melee: Flail             |    68 |   219 |   515 |   107 ||   909
       Whip              |       |       |       |   353 ||   353
Throw: Throwing net      |       |     2 |     1 |     1 ||     4
  Use: Potion            |       |       |     1 |     3 ||     4
       Scroll            |       |       |    13 |     1 ||    14
 Stab: Sleeping          |       |     1 |     1 |     1 ||     3
       Held in net/web   |       |       |     2 |     2 ||     4
       Distracted        |       |       |       |     1 ||     1
Armor: Leather armour    |    33 |    82 |   265 |   169 ||   549
Dodge: Dodged            |    66 |   180 |   518 |   395 ||  1159
